 Dungeon Crawl Stone Soup version 0.31-a0-1612-g4aaf141004 (webtiles) character file.

Game seed: 6711516636350669692

88605 experimilk the Brawler (level 15, -12/149 HPs)
             Began as a Troll Gladiator on Jan 9, 2024.
             Was a High Priest of Wu Jian.
             Killed from afar by an orc sorcerer (21 damage)
             ... with a bolt of fire
             ... on level 2 of the Orcish Mines.
             The game lasted 01:32:44 (24183 turns).

experimilk the Brawler (Troll Gladiator)           Turns: 24183, Time: 01:32:45

Health: -12/149    AC: 10    Str: 32    XL:     15   Next: 47%
Magic:  0/14       EV: 17    Int:  4    God:    Wu Jian [*****.]
Gold:   2240       SH:  0    Dex: 11    Spells: 11/14 levels left

rFire   . .          .
                       - Unarmed
rCold   . . .        (no shield)
rNeg    . . .        P - +1 acid dragon scales
rPois   +            b - +0 hat
rElec   +            (no cloak)
rCorr   +            (gloves unavailable)
SInv    .            (boots unavailable)
Will    +....        F - amulet of guardian spirit
Stlth   +            h - +5 ring of evasion
HPRegen 1.24/turn    w - ring "Hofon" {rElec rPois}
MPRegen 0.14/turn

%: guardian spirit
@: hasted, studying Polearms, very quick
A: large, unfitting armour, claws 3, regeneration 1, shaggy fur 1, tough skin 1
a: Renounce Religion, Wall Jump, Serpent's Lash, Heavenly Storm


You were on level 2 of the Orcish Mines.
You worshipped Wu Jian.
Wu Jian was extremely pleased with you.
You visited 4 branches of the dungeon, and saw 20 of its levels.
You also visited: Sewer, Bailey, Gauntlet and Ice Cave.

You collected 2941 gold pieces.
You spent 701 gold pieces at shops.

Inventory:

Missiles
 a - 19 poisoned darts (quivered)
 c - a javelin
 d - 2 darts of dispersal
 f - 2 atropa-tipped darts
 q - 3 throwing nets
 s - 5 curare-tipped darts
 v - 3 silver javelins
 x - 23 boomerangs
 z - 12 large rocks
Armour
 b - a +0 hat (worn)
 P - +1 acid dragon scales (worn)
Jewellery
 h - a +5 ring of evasion (left claw)
 r - a ring of protection from fire
 t - an amulet of reflection
 w - the ring "Hofon" (right claw) {rElec rPois}
   (You found it in a Gauntlet)

   [ring of poison resistance]

   rElec:     It insulates you from electricity.
   rPois:     It protects you from poison
 F - an amulet of guardian spirit (around neck)
 I - a ring of resist corrosion
 M - a ring of see invisible
Wands
 e - a wand of paralysis (16)
 k - a wand of acid (7)
 o - a wand of polymorph (4)
Scrolls
 g - 2 scrolls of teleportation
 j - 2 scrolls of amnesia
 y - a scroll of silence {unknown}
 A - a scroll of butterflies
 B - 2 scrolls of revelation
 G - 2 scrolls of poison
 K - a scroll of blinking {unknown}
 N - a scroll of vulnerability {unknown}
Potions
 i - 9 potions of curing
 l - a potion of ambrosia
 n - a potion of magic {unknown}
 p - 5 potions of enlightenment
 H - 2 potions of resistance
 Q - 2 potions of cancellation
Miscellaneous
 C - a sack of spiders
 T - a phial of floods (inert)


   Skills:
 - Level 10.0 Fighting
 * Level 14.0 Throwing
 + Level 7.1 Armour
 - Level 10.0 Dodging
 - Level 15.0 Unarmed Combat
 + Level 4.2 Evocations


You had 11 spell levels left.
You knew the following spells:

 Your Spells              Type           Power      Damage    Failure   Level
a - Passwall              Erth           0%         N/A       89%         3

Your spell library contained the following spells:

 Spells                   Type           Power      Damage    Failure   Level
 Necrotise                Necr           0%         1d4       54%         1
 Sandblast                Erth           0%         2d4       54%         1
 Cigotuvi's Dreadful Rot  Necr/Alch/Air  0%         N/A       69%         2
 Ensorcelled Hibernation  Hex/Ice        0%         N/A       69%         2
 Lesser Beckoning         Tloc           0%         N/A       69%         2
 Mercury Vapours          Alch/Air       0%         N/A       69%         2
 Dazzling Flash           Conj/Hex       0%         N/A       89%         3
 Mephitic Cloud           Conj/Alch/Air  0%         N/A       89%         3
 Stone Arrow              Conj/Erth      0%         3d7       89%         3
 Tukima's Dance           Hex            0%         N/A       89%         3
 Vampiric Draining        Necr           0%         2d6       89%         3
 Animate Armour           Summ/Erth      0%         N/A       100%        4
 Brom's Barrelling Bould  Conj/Erth      0%         2d3       100%        4
 Dimensional Bullseye     Hex/Tloc       0%         N/A       100%        4
 Ignite Poison            Fire/Alch      0%         N/A       100%        4
 Iskenderun's Mystic Bla  Conj/Tloc      0%         2d3       100%        4
 Martyr's Knell           Necr/Summ      0%         N/A       100%        4
 Summon Lightning Spire   Summ/Air       0%         N/A       100%        4
 Curse of Agony           Necr           0%         N/A       100%        5
 Freezing Cloud           Conj/Ice/Air   0%         6-21      100%        5
 Lee's Rapid Deconstruct  Erth           0%         3d4*      100%        5
 Silence                  Hex/Air        0%         N/A       100%        5
 Sculpt Simulacrum        Ice/Alch       0%         N/A       100%        6
 Ozocubu's Refrigeration  Ice            0%         4d7       100%        7


Dungeon Overview and Level Annotations

Branches:
Dungeon (12/15)            Temple (1/1) D:6            Lair (5/5) D:10
  Swamp (0/4) Lair:3       Spider (0/4) Lair:3        Slime (0/5) Lair:4
    Orc (2/2) D:12          Sewer (visited)          Bailey (visited)
  IceCv (visited)         Gauntlet (visited)
    Elf: Orc:2

Altars:
Ashenzari
Cheibriados
Dithmenos
Elyvilon
Fedhas
Gozag
Hepliaklqana
Kikubaaqudgha
Makhleb
Nemelex Xobeh
Okawaru
Qazlal
Ru
Sif Muna
Trog
Uskayaw
Vehumet
Wu Jian
Xom
Yredelemnul
Zin
The Shining One
Jiyva

Shops:
D:4 *   Orc:1 *

Annotations:
D:3 2 runed translucent doors, PrincessEmiBear's ghost, amateur DsGl


Innate Abilities, Weirdness & Mutations

You are too large for most types of armour.
You have claws for hands.
Your natural rate of healing is unusually fast.
You are covered in fur. (AC +1)
You have tough skin. (AC +1)


Message History

Unknown command.
You scratch the orc knight but do no damage.
The orc knight is heavily wounded.
The orc knight hits you with a +2 battleaxe of freezing!!
The orc knight freezes you.
You spin and attack the orc knight.
You closely miss the orc knight.
The orc knight is heavily wounded.
The orc sorcerer casts a spell.
The orc knight hits you but does no damage.
You hear a shout!
You mangle the orc knight!!
The orc knight is almost dead.
The orc knight hits you with a +2 battleaxe of freezing!!
* * * LOW HITPOINT WARNING * * *
The orc knight freezes you!
* * * LOW HITPOINT WARNING * * *
The orc sorcerer mumbles some strange words.
The orc knight attacks as it pursues you!
The orc knight hits you with a +2 battleaxe of freezing!
* * * LOW HITPOINT WARNING * * *
The orc knight freezes you.
* * * LOW HITPOINT WARNING * * *
You feel much better.
You feel yourself speed up. The orc knight completely misses you.
Unknown command.
The orc no longer looks unusually strong.
The orc knight unwields a +2 battleaxe of freezing.
The orc knight wields a +0 arbalest.
The orc knight shoots a bolt.
The bolt hits you.
* * * LOW HITPOINT WARNING * * *
The orc sorcerer gestures at you while chanting.
The bolt of fire hits the orc wizard!!
The orc wizard dies!
The bolt of fire misses you.
There is a stone staircase leading up here.
The orc knight shoots a bolt.
The bolt hits you!!
* * * LOW HITPOINT WARNING * * *
The orc sorcerer gestures at you while chanting.
The bolt of fire hits you!!
You die...

##.).##..## .( ..
##....#### .#( #.o....#
####)# ...##.## #.#oo##
..## ## #.....## ..###
###o)..### <...###
##.......##
......######.#....)....#
..).....##......@......#
.)......................#
#..).).........###.....##
#..)..........# ........
####.......... #.#......
#.......... ###......
.......... ......
......... .. .........


You could see an orc knight (very poisoned), an orc sorcerer and an orc.

Vanquished Creatures
  Jorgrun (D:12)
  Frances (D:12)
  Donald (Orc:2)
  An orc warlord (Orc:1)
  A minotaur (Gauntlet)
  A catoblepas (Lair:5)
  5 hydras
  7 two-headed ogres
  A boulder beetle (Lair:2)
  A deep troll shaman (Lair:5)
  7 death yaks
  Nergalle (D:12)
  Sonja (Orc:2)
  3 skysharks
  Lodul (D:11)
  A goliath frog (Lair:3)
  An orb spider (Lair:3)
  3 orc knights (Orc:1)
  3 manticores
  A necromancer (IceCv)
  3 ugly things
  Maurice (Orc:1)
  2 cyclopes
  24 elephants
  An apocalypse crab (Gauntlet)
  An ice statue (IceCv)
  Joseph (D:8)
  4 kobold blastminers
  17 cane toads
  4 black mambas
  3 gargoyles (D:11)
  13 komodo dragons
  2 freezing wraiths (IceCv)
  4 orange demons (Orc:1)
  An unseen horror (D:11)
  A kobold demonologist (D:11)
  14 rime drakes
  13 ice devils (IceCv)
  3 anaconda simulacra (IceCv)
  4 polar bears
  4 trolls
  4 hornets
  5 dream sheep (Lair:5)
  24 blink frogs
  A dire elephant simulacrum (IceCv)
  5 wyverns
  40 yaks
  A basilisk (Lair:5)
  3 wargs (Orc:1)
  13 steam dragons
  4 death yak simulacra (IceCv)
  3 harpy simulacra (IceCv)
  18 water moccasins
  3 acid dragons
  31 orc warriors
  A black bear (D:6)
  2 ice beasts
  4 sky beasts
  9 ogres
  10 wolves
  2 centaurs
  2 phantoms (D:6)
  3 kobold brigands
  16 bullfrogs
  2 gnoll sergeants (D:10)
  3 cane toad simulacra (IceCv)
  A two-headed ogre simulacrum (D:12)
  10 scorpions
  8 wights
  4 elephant simulacra (IceCv)
  23 killer bees
  An electric eel (Lair:4)
  2 bombardier beetles
  2 jellies
  2 hounds
  19 orc priests
  3 iguanas (D:5)
  Ijyb (D:5)
  20 orc wizards
  3 troll simulacra
  5 polar bear simulacra (IceCv)
  4 spriggan simulacra
  6 wolf simulacra
  10 adders
  13 gnolls
  6 river rats
  A naga simulacrum (D:12)
  2 shadow imps (D:6)
  2 white imps (IceCv)
  7 ufetubi
  A dart slug (D:3)
  2 ribbon worms
  67 orcs
  5 endoplasms
  4 giant cockroaches
  5 hobgoblins
  8 jackals
  3 quokkas
  10 ball pythons
  5 bats
  7 frilled lizards
  9 goblins
  30 kobolds
  15 rats
  A butterfly (Lair:1)
698 creatures vanquished.

Vanquished Creatures (others)
  An orc wizard (Orc:2)
1 creature vanquished.

Grand Total: 699 creatures vanquished

Notes
Turn   | Place    | Note
-------+----------+-------------------------------------------
     0 | D:1      | experimilk the Troll Gladiator began the quest for the Orb.
     0 | D:1      | Reached XP level 1. HP: 19/19 MP: 0/0
   295 | D:1      | Reached XP level 2. HP: 27/27 MP: 1/1
   716 | D:2      | Reached skill level 4 in Unarmed Combat
   935 | D:2      | Reached XP level 3. HP: 33/33 MP: 2/2
  1605 | D:3      | Reached skill level 5 in Unarmed Combat
  1605 | D:3      | Reached XP level 4. HP: 35/41 MP: 3/3
  1904 | D:3      | Found a runed translucent door.
  1958 | D:3      | Noticed PrincessEmiBear's ghost (amateur DsGl)
  1958 | D:3      | Noticed a bullfrog
  1995 | D:3      | Found a runed translucent door.
  2227 | D:4      | Reached XP level 5. HP: 48/48 MP: 4/4
  2231 | D:4      | Found a glowing drain.
  2235 | Sewer    | Entered a sewer
  2299 | Sewer    | Reached skill level 6 in Unarmed Combat
  2451 | Sewer    | Reached XP level 6. HP: 48/55 MP: 5/5
  2455 | Sewer    | Reached skill level 7 in Unarmed Combat
  2521 | D:4      | Learned a level 3 spell: Passwall
  2756 | D:4      | Found Loxoniph's Assorted Antiques.
  2769 | D:4      | Bought a scroll of identify for 46 gold pieces
  2769 | D:4      | Bought a potion of heal wounds for 115 gold pieces
  2823 | D:4      | Reached skill level 8 in Unarmed Combat
  2823 | D:4      | Reached XP level 7. HP: 62/62 MP: 6/6
  2940 | D:5      | Entered Level 5 of the Dungeon
  3249 | D:5      | Reached skill level 9 in Unarmed Combat
  3688 | D:5      | Noticed Ijyb
  3692 | D:5      | Paralysed by Ijyb for 4 turns
  3699 | D:5      | Killed Ijyb
  3964 | D:6      | Reached XP level 8. HP: 70/70 MP: 7/7
  4161 | D:6      | Reached skill level 10 in Unarmed Combat
  4258 | D:6      | Found a basalt altar of Yredelemnul.
  4394 | D:6      | Found a staircase to the Ecumenical Temple.
  4403 | Temple   | Entered the Ecumenical Temple
  4452 | Temple   | Became a worshipper of the Wu Jian Council
  4725 | D:6      | Reached skill level 5 in Throwing
  4984 | D:7      | Found a flagged portal.
  5045 | Bailey   | Entered a bailey
  5166 | Bailey   | Reached * piety under Wu Jian
  5204 | Bailey   | Reached XP level 9. HP: 76/76 MP: 8/8
  5935 | D:7      | Reached ** piety under Wu Jian
  6862 | D:8      | Reached skill level 10 in Throwing
  6864 | D:8      | Noticed Joseph
  6889 | D:8      | HP: 1/76 [Joseph/sling bullet (17)]
  7110 | D:8      | Killed Joseph
  7111 | D:8      | Reached XP level 10. HP: 53/85 MP: 9/9
  7941 | D:9      | Noticed a two-headed ogre
  7945 | D:9      | Killed a two-headed ogre
  8222 | D:9      | Reached *** piety under Wu Jian
  8871 | D:9      | You fall into a shaft and drop 2 floors!
  8876 | D:10     | Entered Level 10 of the Dungeon
  8907 | D:10     | Reached skill level 5 in Fighting
  8918 | D:10     | Reached XP level 11. HP: 97/102 MP: 10/10
  9298 | D:10     | Reached **** piety under Wu Jian
  9455 | D:10     | Found a staircase to the Lair.
 10397 | Lair:1   | Entered Level 1 of the Lair of Beasts
 10397 | Lair:1   | Noticed a skyshark
 10410 | Lair:1   | Killed a skyshark
 11149 | Lair:1   | Reached skill level 10 in Fighting
 11159 | Lair:1   | Reached XP level 12. HP: 126/126 MP: 11/11
 11799 | Lair:2   | Reached skill level 5 in Dodging
 12169 | Lair:2   | Noticed a boulder beetle
 12187 | Lair:2   | Killed a boulder beetle
 12368 | Lair:2   | Reached ***** piety under Wu Jian
 13174 | Lair:3   | Reached XP level 13. HP: 133/133 MP: 12/12
 13464 | Lair:3   | Found a hole to the Spider Nest.
 13711 | Lair:3   | Reached skill level 10 in Dodging
 14293 | Lair:3   | Reached skill level 11 in Unarmed Combat
 14359 | Lair:3   | Found a staircase to the Swamp.
 14364 | Lair:3   | Identified the +10 sling of Past Mistakes {drain, Int+2}
 15155 | Lair:4   | Reached skill level 12 in Unarmed Combat
 15376 | Lair:4   | Found a viscous altar of Jiyva.
 15377 | Lair:4   | Found a staircase to the Slime Pits.
 15934 | Lair:5   | Entered Level 5 of the Lair of Beasts
 15962 | Lair:5   | Reached skill level 13 in Unarmed Combat
 16012 | Lair:5   | Found a gate leading to a gauntlet.
 16022 | Gauntlet | Entered a Gauntlet
 16022 | Gauntlet | Found a transporter.
 16025 | Gauntlet | Found a runed translucent door.
 16026 | Gauntlet | Found a transporter.
 16027 | Gauntlet | Found a runed translucent door.
 16028 | Gauntlet | Found a transporter.
 16028 | Gauntlet | Noticed a cacodemon
 16032 | Gauntlet | Found a transporter.
 16040 | Gauntlet | Found a transporter.
 16040 | Gauntlet | Found a transporter.
 16044 | Gauntlet | Found a transporter.
 16050 | Gauntlet | Found a transporter.
 16084 | Gauntlet | Found a transporter.
 16096 | Gauntlet | Noticed a blizzard demon
 16101 | Gauntlet | Found a transporter.
 16105 | Gauntlet | Found a transporter.
 16117 | Gauntlet | Found a transporter.
 16176 | Gauntlet | Identified the amulet "Urangeiw" {RegenMP rN+ Stlth+}
 16253 | Gauntlet | Identified the ring "Hofon" {rElec rPois}
 16263 | Gauntlet | Noticed a minotaur
 16275 | Gauntlet | Killed a minotaur
 16279 | Gauntlet | Got The Foundations of Willworking
 16603 | Lair:5   | Reached skill level 14 in Unarmed Combat
 16722 | Lair:5   | Reached ****** piety under Wu Jian
 16723 | Lair:5   | Reached XP level 14. HP: 143/143 MP: 13/13
 17279 | Lair:5   | Reached skill level 15 in Unarmed Combat
 17376 | Lair:5   | Reached skill level 1 in Armour
 17977 | Lair:5   | Reached skill level 5 in Armour
 18905 | D:11     | Reached skill level 1 in Evocations
 19188 | D:11     | Noticed Lodul
 19199 | D:11     | Killed Lodul
 19402 | D:12     | Noticed Frances
 19413 | D:12     | Killed Frances
 19458 | D:12     | Found a frozen archway.
 19510 | IceCv    | Entered an ice cave
 19921 | IceCv    | Found an ancient bone altar of Kikubaaqudgha.
 20596 | IceCv    | Got the Precepts of Chilblains
 20973 | IceCv    | Identified the +2 ice dragon scales of Absolutism {rF- rC++
                  | Will+++ Int-5}
 21313 | D:12     | Reached XP level 15. HP: 149/149 MP: 14/14
 21359 | D:12     | Found a staircase to the Orcish Mines.
 21632 | D:12     | Noticed Jorgrun
 21660 | D:12     | Killed Jorgrun
 21689 | D:12     | Noticed Nergalle
 21782 | D:12     | Killed Nergalle
 22510 | Orc:1    | Entered Level 1 of the Orcish Mines
 22631 | Orc:1    | Noticed Maurice
 22637 | Orc:1    | Killed Maurice
 23426 | Orc:1    | Found Teickuh's Assorted Antiques.
 23437 | Orc:1    | Bought a potion of ambrosia for 216 gold pieces
 23437 | Orc:1    | Bought a scroll of identify for 54 gold pieces
 23437 | Orc:1    | Bought a potion of resistance for 270 gold pieces
 23800 | Orc:2    | Entered Level 2 of the Orcish Mines
 23876 | Orc:2    | Noticed Donald
 23885 | Orc:2    | Killed Donald
 24132 | Orc:2    | Noticed Sonja
 24144 | Orc:2    | Killed Sonja
 24183 | Orc:2    | Killed from afar by an orc sorcerer

Illustrated notes

Levels and vault maps discovered:
D:1:      beargit_arrival_greenhouse, layout_basic
D:2:      layout_basic
D:3:      layout_basic, ebering_ghost_sewer_f
D:4:      layout_rooms, gup_sewer_entry_bowl, nicolae_stop_n_shop_1
D:5:      layout_loops_ring, grunt_ministairs_10, kennysheep_cluttered_room,
          uniq_ijyb
D:6:      layout_basic, mainiacjoe_overflow_brackets,
          minmay_temple_entry_proselytizer, serial_library_regret_index_headful
D:7:      layout_layer_cave, enter_bailey_5, kennysheep_generic_room_11
D:8:      layout_basic, minmay_misc_feat_cross, uniq_joseph
D:9:      layout_cave_pods, water_boxes_lemuel
D:10:     cheibrodos_steamvent, layout_basic, lair_entry_dummy,
          minmay_misc_feat_columns, eino_jars
D:11:     layout_basic, grunt_decor_mini_mirrors, uniq_lodul
D:12:     layout_gridville, hiddenorc1_lemuel,
          portal_ice_cave_entry_ice_simulacra, nicolae_benzene_ring,
          grunt_ministairs_13, uniq_frances, uniq_jorgrun, uniq_nergalle
Temple:   mainiacjoe_temple_archimedes_tessellation
Lair:1:   layout_regular_city, lemuel_fruit_fields, serial_bayou_shore_a,
          lemuel_fruit_fields, grunt_megastairs_5
Lair:2:   layout_chaotic_city, bobbens_dragon_lair_wall, serial_bayou_shore_b
Lair:3:   layout_hall_layers, mainiacjoe_swamp_entry_lozenge_pond,
          nicolae_spider_entry_orb_guardian, lemuel_fruit_fields
Lair:4:   layout_regular_city, slime_entry_1, st_stairs_5, serial_bayou_pond_b,
          serial_bayou_shore_b, lemuel_fruit_fields, lemuel_fruit_tree
Lair:5:   grunt_lair_end_beastmaster, layout_regular_city,
          gauntlet_entry_generic
Orc:1:    layout_caves, basic_altar, serial_shops, nicolae_shop_tiny_waterfront,
          einodemon_barbed_minivault, uniq_maurice
Orc:2:    grunt_orc_cross, layout_diamond_mine, uniq_sonja, uniq_donald,
          uniq_azrael

Skill      XL: |  1  2  3  4  5  6  7  8  9 10 11 12 13 14 15 |
---------------+----------------------------------------------+-----
Unarmed Combat | 4 5 6 8 9 10 14 15 | 15.0
Throwing       | 6 10 12 13 14 | 14.0
Fighting       | 5 10 | 10.0
Dodging        | 9 10 | 10.0
Armour         | 6 7 |  7.1
Evocations     | 2 4 |  4.2

Action                     |  1- 3 |  4- 6 |  7- 9 | 10-12 | 13-15 || total
---------------------------+-------+-------+-------+-------+-------++-------
  Melee: Unarmed           |   102 |   118 |   306 |   486 |   899 ||  1911
         Punch             |     2 |     3 |     9 |    27 |    70 ||   111
  Throw: Large rock        |     3 |     2 |     3 |       |    85 ||    93
         Boomerang         |       |       |    75 |   200 |   151 ||   426
         Dart              |       |       |     7 |    38 |    25 ||    70
         Throwing net      |       |       |       |     3 |       ||     3
         Javelin           |       |       |       |       |    17 ||    17
 Invoke: Serpent's Lash    |       |       |       |       |    17 ||    17
         Heavenly Storm    |       |       |       |       |     3 ||     3
Ability: Lunge             |       |       |    20 |    58 |    87 ||   165
         Whirlwind         |       |       |    19 |    70 |   159 ||   248
         Wall Jump         |       |       |       |     3 |    22 ||    25
  Evoke: Wand              |     1 |     2 |     4 |     3 |    26 ||    36
         Phial of floods   |       |       |       |       |     2 ||     2
         Sack of spiders   |       |       |       |       |     1 ||     1
    Use: Scroll            |     4 |     3 |     6 |     6 |    15 ||    34
         Potion            |       |     2 |     8 |       |    10 ||    20
   Stab: Sleeping          |       |       |       |     1 |       ||     1
         Distracted        |       |       |       |     1 |       ||     1
         Invisible         |       |       |       |       |     1 ||     1
         Paralysed         |       |       |       |       |     1 ||     1
 Armour: Robe              |    40 |    44 |   129 |   107 |       ||   320
         Steam dragon scal |       |       |       |    72 |       ||    72
         Acid dragon scale |       |       |       |    31 |   463 ||   494
  Dodge: Dodged            |    75 |   103 |   163 |   262 |   512 ||  1115
  Block: Other             |       |     1 |    57 |     1 |       ||    59
         Reflection        |       |       |    17 |       |       ||    17

Table legend: (Time is in decaauts)
 A = Elapsed time spent in this place.
 B = Non-inter-level travel time spent in this place.
 C = Inter-level travel time spent in this place.
 D = Time resting spent in this place.
 E = Time spent auto-exploring this place.
 F = Levels seen in this place.
 G = Mean time per level.
                   A        B        C        D        E       F      G
               +--------+--------+--------+--------+--------+-----+--------+
         Total |  23841 |  22238 |   1603 |   6036 |   9785 |  24 |  993.4 |
       Dungeon |  11649 |  10755 |    894 |   2103 |   6533 |  12 |  970.8 |
        Temple |     96 |     50 |     46 |      0 |      0 |   1 |   96.0 |
          Lair |   7905 |   7320 |    585 |   2327 |   2460 |   5 | 1581.0 |
  Orcish Mines |   1357 |   1279 |     78 |    476 |    423 |   2 |  678.5 |
         Sewer |    245 |    245 |      0 |     17 |     86 |   1 |  245.0 |
        Bailey |    702 |    702 |      0 |    226 |     90 |   1 |  702.0 |
      Ice Cave |   1571 |   1571 |      0 |    801 |    193 |   1 | 1571.0 |
      Gauntlet |    313 |    313 |      0 |     84 |      0 |   1 |  313.0 |
               +--------+--------+--------+--------+--------+-----+--------+

Top non-repeatable levels by time:
  Lair:5: 1912 daAuts
  Lair:3: 1770 daAuts
  Lair:2: 1656 daAuts
    D:10: 1605 daAuts
   IceCv: 1571 daAuts
    D:12: 1482 daAuts
  Lair:1: 1440 daAuts
     D:7: 1259 daAuts
   Orc:1: 1183 daAuts
  Lair:4: 1125 daAuts
     D:9: 1097 daAuts
     D:6: 1018 daAuts
     D:3: 971 daAuts
     D:5: 879 daAuts
     D:8: 843 daAuts
